 Dungeon Crawl Stone Soup version 0.30-a0-737-gf23d94013f (webtiles) character file.

Game seed: 16978703340332099132

40 avis the Grasshopper (level 3, -1/45 HPs)
             Began as a Demigod Warper on Feb 2, 2023.
             Slain by Robin
             ... wielding a +0 dagger
              (2 damage)
             ... on level 2 of the Dungeon.
             The game lasted 00:06:17 (1269 turns).

avis the Grasshopper (Demigod Warper)               Turns: 1269, Time: 00:06:17

Health: -1/45      AC: 21    Str: 14 (16) XL:     3   Next: 14%
Magic:  8/8        EV:  2    Int: 12 (14) God:
Gold:   93         SH:  0    Dex: 15 (16) Spells: 1/6 levels left

rFire   . . .      SeeInvis .    a - +0 falchion
rCold   . . .      Faith    .    (no shield)
rNeg    . . .      Spirit   .    (body armour currently unavailable)
rPois   +          Reflect  .    (helmet currently unavailable)
rElec   .          Harm     .    (cloak currently unavailable)
rCorr   .          Rampage  .    (gloves currently unavailable)
Will    .....      NoTele   +    (boots currently unavailable)
Stlth   +                        (no amulet)
HPRegen 0.27/turn                (no ring)
MPRegen 0.11/turn                (no ring)

@: tree-form
A: stationary, stasis, torment immunity, boosted hp, high MP 1, forlorn, divine
attributes, strong 1
a: no special abilities


You were on level 2 of the Dungeon.
You were a tree.
You visited 1 branch of the dungeon, and saw 2 of its levels.

You collected 93 gold pieces.

Inventory:

Hand Weapons
 a - a +0 falchion (weapon)
Missiles
 d - 7 boomerangs of dispersal
 n - 5 poisoned darts (quivered)
Armour
 b - a +0 leather armour (melded)
 h - a +0 ring mail of willpower
Magical Staves
 i - a staff of earth
Scrolls
 c - a scroll of blinking
 f - a scroll of enchant armour {unknown}
 g - 2 scrolls of identify {unknown}
 k - a scroll of amnesia {unknown}
 m - a scroll of fog {unknown}
Potions
 l - a potion of lignification


   Skills:
 * Level 2.7 Fighting
 - Level 2.0 Long Blades
 - Level 1.0 Throwing
 - Level 0.8 Armour
 - Level 2.0 Dodging
 - Level 2.0 Spellcasting
 - Level 3.0 Translocations


You had one spell level left.
You knew the following spells:

 Your Spells              Type           Power      Damage    Failure   Level
b - Blink                 Tloc           16%        N/A       12%         2
e - Vhi's Electric Charg  Tloc/Air       8%         N/A       41%         3

Your spell library contained the following spells:

 Spells                   Type           Power      Damage    Failure   Level
 Lesser Beckoning         Tloc           16%        N/A       12%         2
 Teleport Other           Tloc           8%         N/A       24%         3
 Manifold Assault         Tloc           8%         N/A       61%         4


Dungeon Overview and Level Annotations

Branches:
Dungeon (2/15)

Annotations:
D:2 Robin


Innate Abilities, Weirdness & Mutations

You are a tree.
Your roots penetrate the ground, keeping you stationary.
You cannot be teleported.
You are immune to unholy pain and torment.
Your maximum health is greatly increased.
Your equipment is partially melded.
You have an increased reservoir of magic. (+10% MP)
You shall have no god before yourself.
Your divine heritage dramatically boosts your attributes as you level up.
Your muscles are strong. (Str +4, Int/Dex -1)


Message History

You barely miss Robin.
Robin is lightly wounded.
Robin hits you with a +0 dagger.
* * * LOW HITPOINT WARNING * * *
The hobgoblin hits you.
* * * LOW HITPOINT WARNING * * *
You barely miss Robin.
Robin is lightly wounded.
Robin hits you but does no damage.
The hobgoblin hits you but does no damage.
It was a potion of degeneration.
There was something very wrong with that liquid.
You feel weakened.
You feel dopey.
You feel clumsy. Robin hits you but does no damage.
The hobgoblin hits you but does no damage.
It was a potion of mutation.
You feel extremely strange.
You feel stronger. Robin hits you but does no damage.
The hobgoblin hits you but does no damage.
You hit Robin but do no damage. Your punch misses Robin.
Robin is lightly wounded.
Robin hits you but does no damage.
The hobgoblin hits you but does no damage.
You hit Robin.
Robin is lightly wounded.
Robin roars a battlecry!
The hobgoblin goes into a battle-frenzy!
The hobgoblin hits you but does no damage. x2
Robin hits you but does no damage.
You hit Robin.
Robin is moderately wounded.
Robin hits you but does no damage. The hobgoblin hits you.
* * * LOW HITPOINT WARNING * * *
Okay, then.
You slash Robin!
Robin is severely wounded.
The hobgoblin no longer looks unusually strong.
The rat twitches its whiskers.
Robin hits you with a +0 dagger.
You die... ### .. #. ####g####### #...ggrgggg#

..g.##.#####♣#
g .r. #.# ####
###.# .. #...#
.# #.### .#
#.# . . #.#
###. ##.##
...... ##.#.##


You could see Robin, 3 hobgoblins, 3 goblins and a rat.

Vanquished Creatures
  A dart slug (D:2)
  4 ball pythons
  An endoplasm (D:1)
  4 giant cockroaches (D:1)
  7 goblins
  6 hobgoblins
  2 quokkas
  A bat (D:2)
  2 frilled lizards
  A kobold (D:2)
  4 rats
33 creatures vanquished.

Notes
Turn   | Place    | Note
-------+----------+-------------------------------------------
     0 | D:1      | avis the Demigod Warper began the quest for the Orb.
     0 | D:1      | Reached XP level 1. HP: 17/17 MP: 5/5
   365 | D:1      | Reached XP level 2. HP: 23/24 MP: 7/7
   531 | D:1      | Reached skill level 3 in Translocations
   531 | D:1      | Reached skill level 1 in Throwing
   701 | D:1      | Learned a level 2 spell: Blink
  1160 | D:2      | Reached XP level 3. HP: 30/30 MP: 8/8
  1164 | D:2      | Learned a level 3 spell: Vhi's Electric Charge
  1235 | D:2      | Noticed Robin
  1265 | D:2      | Gained mutation: Your muscles are strong. (Str +4, Int/Dex
                  | -1) [potion of mutation]
  1268 | D:2      | HP: 1/45 [hobgoblin[Robin] (5)]
  1269 | D:2      | Slain by Robin

Illustrated notes

Levels and vault maps discovered:
D:1:      minmay_arrival_open_corners, layout_basic
D:2:      layout_loops_cross, uniq_robin

Skill      XL: |  1  2 |
---------------+-------+-----
Fighting       | 2 |  2.7
Long Blades    | 2 |  2.0
Dodging        | 2 |  2.0
Spellcasting   | 2 |  2.0
Translocations | 3 |  3.0
Throwing       | 1 |  1.0
Armour         | |  0.8

Action                     || total
---------------------------++-------
  Melee: Falchion          ||   120
         Punch             ||     1
    Use: Potion            ||     3
 Armour: Leather armour    ||    25
         Skin              ||    19
  Dodge: Dodged            ||    62

Table legend: (Time is in decaauts)
 A = Elapsed time spent in this place.
 B = Non-inter-level travel time spent in this place.
 C = Inter-level travel time spent in this place.
 D = Time resting spent in this place.
 E = Time spent auto-exploring this place.
 F = Levels seen in this place.
 G = Mean time per level.
                   A        B        C        D        E       F      G
               +--------+--------+--------+--------+--------+-----+--------+
         Total |   1293 |   1223 |     70 |    218 |    588 |   2 |  646.5 |
       Dungeon |   1293 |   1223 |     70 |    218 |    588 |   2 |  646.5 |
               +--------+--------+--------+--------+--------+-----+--------+

Top non-repeatable levels by time:
     D:1: 902 daAuts
     D:2: 391 daAuts
